 Dungeon Sprint DCSS version 0.21.1-1-g345015f (webtiles) character file.

4 doot the Sneak (level 1, -1/9 HPs)
             Began as a Spriggan Enchanter on June 15, 2018.
             Was a Follower of Nemelex Xobeh.
             Slain by a fire bat (8 damage)
             ... in the Dungeon (Sprint VII: "The Pits").
             The game lasted 00:00:46 (85 turns).

doot the Sneak (Spriggan Enchanter)                   Turns: 85, Time: 00:00:46

Health: -1/9       AC:  2    Str:  4    XL:     1   Next: 58%
Magic:  5/5        EV: 18    Int: 16    God:    Nemelex Xobeh [*.....]
Gold:   0          SH:  0    Dex: 16    Spells: 5/6 levels left

rFire    . . .     SeeInvis +   k - +2 dagger
rCold    . . .     Gourm    .   (shield restricted)
rNeg     . . .     Faith    .   b - +0 robe
rPois    .         Spirit   .   (helmet restricted)
rElec    .         Reflect  .   (no cloak)
rCorr    .         Harm     .   (gloves unavailable)
MR       .....     NoTele   +   (boots unavailable)
Stlth    +++.......             (no amulet)
HPRegen  0.03/turn              (no ring)
MPRegen  0.09/turn              (no ring)

@: very quick
A: very small, unfitting armour, see invisible, herbivore, speed 3, slow
metabolism 2
a: Renounce Religion


You were in the Dungeon.
You worshipped Nemelex Xobeh.
Nemelex Xobeh was aware of your devotion.
You were not hungry.

You visited 1 branch

Inventory:

Hand Weapons
 a - a +1 dagger
 k - a +2 dagger (weapon)
Armour
 b - a +0 robe (worn)
Scrolls
 j - a scroll of blinking
 n - 3 scrolls of remove curse
 o - 5 scrolls of amnesia
 p - a scroll of summoning
Potions
 e - a potion of curing
 f - a potion of heal wounds
 g - a potion of haste
 h - 4 potions of magic
 i - 3 potions of berserk rage
 m - 2 potions of invisibility
Books
 c - a book of Maledictions

   Spells                             Type                      Level
   a - Corona                         Hexes                        1
   b - Ensorcelled Hibernation        Hexes/Ice                    2
   c - Confuse                        Hexes                        3
   d - Tukima's Dance                 Hexes                        3
   e - Dazzling Spray                 Conjuration/Hexes            3
Miscellaneous
 l - a plain deck of destruction
Comestibles
 d - 9 rations


   Skills:
 + Level 1.2 Short Blades
 + Level 3.3 Dodging
 + Level 5.3 Stealth
 + Level 3.1 Spellcasting
 + Level 4.4 Hexes


You had 5 spell levels left.
You knew the following spells:

 Your Spells              Type           Power        Failure   Level  Hunger
a - Corona                Hex            ###....      3%          1    #......


Dungeon Overview and Level Annotations

Branches:
Dungeon (1/1)

Altars:
Ashenzari
Cheibriados
Dithmenos
Elyvilon
Fedhas
Gozag
Hepliaklqana
Kikubaaqudgha
Makhleb
Nemelex Xobeh
Okawaru
Qazlal
Ru
Sif Muna
Trog
Uskayaw
Vehumet
Wu Jian
Xom
Yredelemnul
Zin
The Shining One
Beogh
Jiyva
Lugonu


Innate Abilities, Weirdness & Mutations

You are very small and have problems with some larger weapons.
You are too small for most types of armour.
You have supernaturally acute eyesight. (SInv)
You are a herbivore.
You cover ground extremely quickly.
You need consume almost no food.


Message History

There is an open door here.
You see here a +2 falchion of venom.
Things that are here:
a +2 quarterstaff; a +2 trident
Things that are here:
a +2 mace; a +2 hand axe
There is an open door here.
You open the door.
There is an open door here.
You open the door.
A worm comes into view.
A fire bat, a ball python, a warg and an ogre come into view.
There is an open door here.
There is an open door here.
The ogre shouts!
The warg howls!
You hit the worm but do no damage. The worm closely misses you.
The fire bat bites you.
You are engulfed in flames!
Ouch! That really hurt!
You die...
Your body disappears without a glow.

#.#
#......
#.#
#......
#.#
#......
#.#
#...<..
#.#
#......
#.#
#......
#'#######
#......
#.......#
#######
#.@..O..#
#.bw#h..#
#..## ..#
#... .#
#... #
#S...
#####


You could see a warg, an ogre, a fire bat, a worm and a ball python (sleeping).

Vanquished Creatures
  An ooze (D)
1 creature vanquished.

Notes
Turn   | Place    | Note
-------+----------+-------------------------------------------
     0 | D        | doot the Spriggan Enchanter began the quest for the Orb.
     0 | D        | Reached XP level 1. HP: 9/9 MP: 5/5
    11 | D        | Reached skill level 5 in Stealth
    14 | D        | Found a bloodstained altar of Trog.
    14 | D        | Found a deep blue altar of Sif Muna.
    14 | D        | Found a viscous altar of Jiyva.
    14 | D        | Found a hazy altar of Hepliaklqana.
    14 | D        | Found an opulent altar of Gozag.
    16 | D        | Found a glowing golden altar of the Shining One.
    16 | D        | Found a glowing silver altar of Zin.
    16 | D        | Found a basalt altar of Yredelemnul.
    16 | D        | Found a shimmering altar of Xom.
    16 | D        | Found an ornate altar of the Wu Jian Council.
    16 | D        | Found a sacrificial altar of Ru.
    16 | D        | Found a stormy altar of Qazlal.
    16 | D        | Found an iron altar of Okawaru.
    16 | D        | Found a sparkling altar of Nemelex Xobeh.
    16 | D        | Found a burning altar of Makhleb.
    16 | D        | Found a blossoming altar of Fedhas.
    16 | D        | Found a white marble altar of Elyvilon.
    16 | D        | Found a shadowy altar of Dithmenos.
    16 | D        | Found a snail-covered altar of Cheibriados.
    18 | D        | Found a radiant altar of Vehumet.
    18 | D        | Found a corrupted altar of Lugonu.
    18 | D        | Found a roughly hewn altar of Beogh.
    19 | D        | Found a hide-covered altar of Uskayaw.
    19 | D        | Found an ancient bone altar of Kikubaaqudgha.
    19 | D        | Found a shattered altar of Ashenzari.
    25 | D        | Became a worshipper of Nemelex Xobeh the Trickster
    38 | D        | Received a gift from Nemelex Xobeh
    79 | D        | Reached * piety under Nemelex Xobeh
    80 | D        | Noticed an ogre
    80 | D        | Noticed a warg
    80 | D        | Noticed a fire bat
    85 | D        | Slain by a fire bat

Skill      XL: |  1 |
---------------+----+-----
Stealth        | 5 |  5.3
Spellcasting   | 3 |  3.1
Hexes          | 4 |  4.4
Short Blades   | |  1.2
Dodging        | |  3.3

Action                   || total
-------------------------++-------
Melee: Dagger            ||     2
 Stab: Sleeping          ||     1
Dodge: Dodged            ||     1
